 Dungeon Crawl Stone Soup version 0.26-a0-466-g989023bd0d (webtiles) character file.

Game seed: 9292531374108947711

50 gruber the Conjurer (level 3, -1/21 HPs)
             Began as an Octopode Conjurer on Aug 7, 2020.
             Slain by an adder (4 damage)
             ... on level 3 of the Dungeon.
             The game lasted 00:02:16 (2158 turns).

gruber the Conjurer (Octopode Conjurer)             Turns: 2158, Time: 00:02:17

Health: -1/21      AC:  1    Str:  6    XL:     3   Next: 79%
Magic:  1/6        EV: 13    Int: 21    God:
Gold:   139        SH:  0    Dex: 10    Spells: 3/6 levels left

rFire    . . .     SeeInvis .   (no weapon)
rCold    . . .     Faith    .   (no shield)
rNeg     . . .     Spirit   .   (helmet restricted)
rPois    .         Reflect  .   (no amulet)
rElec    .         Harm     .   e - ring of attention (curse)
rCorr    .                      (no ring)
MR       .....                  (no ring)
Stlth    ++........             (no ring)
HPRegen  0.07/turn              (no ring)
MPRegen  0.10/turn              (no ring)
                                (no ring)
                                (no ring)

@: lethally poisoned (-1 -> -3)
A: almost no armour, stealthy swim, amphibious, 8 rings, constrict 8, camouflage
1, gelatinous body 1
a: no special abilities


You were on level 3 of the Dungeon.
You visited 1 branch of the dungeon, and saw 3 of its levels.

You collected 139 gold pieces.

Inventory:

Missiles
 i - 5 curare-tipped darts (quivered)
Armour
 n - a +0 buckler
Jewellery
 e - a cursed ring of attention (left tentacle)
Scrolls
 a - 2 scrolls of fear {unknown}
 b - a scroll of enchant armour {unknown}
 d - a scroll of immolation {unknown}
 f - a scroll of teleportation {unknown}
 g - a scroll of remove curse {unknown}
 j - a scroll of fog {unknown}
 k - 2 scrolls of identify {unknown}
 l - a scroll of amnesia {unknown}
 m - a scroll of blinking {unknown}
Potions
 c - a potion of heal wounds {unknown}
 h - a potion of curing {unknown}


   Skills:
 - Level 2.0 Dodging
 - Level 2.6 Stealth
 + Level 2.3 Spellcasting
 + Level 5.1 Conjurations


You had 3 spell levels left.
You knew the following spells:

 Your Spells              Type           Power        Failure   Level
a - Magic Dart            Conj           ###.         1%          1
b - Searing Ray           Conj           ###...       2%          2

Your spell library contained the following spells:

 Spells                   Type           Power        Failure   Level
 Dazzling Flash           Conj/Hex       ##....       16%         3
 Fulminant Prism          Conj/Hex       ##........   45%         4
 Iskenderun's Mystic Bla  Conj/Tloc      ##......     45%         4


Dungeon Overview and Level Annotations

Branches:
Dungeon (3/15)

Altars:
Vehumet

Annotations:
D:3 1 transporter


Innate Abilities, Weirdness & Mutations

You cannot wear most types of armour.
You are very stealthy in the water. (Stealth+)
You are amphibious.
You can wear up to eight rings at the same time.
You can use your tentacles to constrict eight enemies at once.
Your skin changes colour to match your surroundings (Stealth+).
Your rubbery body absorbs attacks. (AC +1, EV +1)


Message History

The adder is heavily wounded.
The adder closely misses you. The adder barely misses you.
Unknown command.
Unknown command.
You aren't carrying any items that you can evoke.
You barely miss the adder. Your grab misses the adder.
The adder is heavily wounded.
The adder closely misses you.
You tentacle-slap the adder. You grab the adder.
The adder is severely wounded.
You constrict the adder.
You feel sick. The adder barely misses you.
You tentacle-slap the adder but do no damage.
The adder is severely wounded.
You constrict the adder. The adder bites you.
* * * LOW HITPOINT WARNING * * *
The adder closely misses you.
You tentacle-slap the adder but do no damage.
The adder is almost dead.
You constrict the adder. The adder bites you.
You die...

##..#.......!.#...#
#..©#..©....$_#©..## .
...#.......(.#....# ..
#.#..#...#$$#.....
...#.#8F.#.#..8#...##
.....##oca....##.....###
......#########..#......
#(S@........# #...#
########..#.# #...
####...#####...
...............#.
.................
.w.....#.#######.
####...... ## #.......
.... #........ ....


You could see a bullfrog, a centaur, a worker ant, an adder and an orc.

Vanquished Creatures
  2 adders
  A worm (D:3)
  A dart slug (D:1)
  A giant cockroach (D:2)
  2 goblins
  7 hobgoblins
  A quokka (D:2)
  A bat (D:3)
  A frilled lizard (D:2)
  6 kobolds
  4 rats
27 creatures vanquished.

Notes
Turn   | Place    | Note
-------+----------+-------------------------------------------
     0 | D:1      | gruber the Octopode Conjurer began the quest for the Orb.
     0 | D:1      | Reached XP level 1. HP: 11/11 MP: 3/3
   512 | D:1      | Reached XP level 2. HP: 17/17 MP: 1/5
  1377 | D:1      | Learned a level 2 spell: Searing Ray
  1768 | D:2      | Reached XP level 3. HP: 15/21 MP: 3/6
  1828 | D:2      | HP: 1/21 [quokka (5)]
  1896 | D:3      | Reached skill level 5 in Conjurations
  2139 | D:3      | Noticed a centaur
  2141 | D:3      | Found a radiant altar of Vehumet.
  2143 | D:3      | Found a transporter.
  2146 | D:3      | Noticed a bullfrog
  2158 | D:3      | Slain by an adder

Illustrated notes

Levels and vault maps discovered:
D:1:      dpeg_arrival_rhombi, layout_basic
D:2:      layout_rooms
D:3:      layout_rooms, gammafunk_temple_overflow_arena, gup_sewer_entry_glass

Skill      XL: |  1  2  3 |
---------------+----------+-----
Conjurations   | 5 |  5.1
Dodging        | |  2.0
Stealth        | |  2.6
Spellcasting   | |  2.3

Action                   || total
-------------------------++-------
Melee: Unarmed           ||    23
       Constrict         ||     7
       Tentacles         ||     3
Throw: Dart              ||     3
 Cast: Magic Dart        ||    35
       Searing Ray       ||     4
 Stab: Sleeping          ||     1
Armor: Skin              ||     6
Dodge: Dodged            ||    53

Table legend: (Time is in decaauts)
 A = Elapsed time spent in this place.
 B = Non-inter-level travel time spent in this place.
 C = Inter-level travel time spent in this place.
 D = Time resting spent in this place.
 E = Time spent auto-exploring this place.
 F = Levels seen in this place.
 G = Mean time per level.
                   A        B        C        D        E       F      G
               +--------+--------+--------+--------+--------+-----+--------+
         Total |   2160 |   2113 |     47 |     71 |   1792 |   3 |  720.0 |
       Dungeon |   2160 |   2113 |     47 |     71 |   1792 |   3 |  720.0 |
               +--------+--------+--------+--------+--------+-----+--------+

Top non-repeatable levels by time:
     D:1: 1388 daAuts
     D:2: 497 daAuts
     D:3: 274 daAuts
